 Dungeon Crawl Stone Soup version 0.28.0-47-ge53b351184 (webtiles) character file.

Game seed: 16990843603672966845

27848 Kniotic the Black Belt (level 13, -3/103 HPs)
             Began as a Demonspawn Gladiator on May 9, 2022.
             Was a High Priest of Okawaru.
             Slain by a death yak (10 damage)
             ... led by a torpor snail
             ... on level 3 of the Lair of Beasts.
             The game lasted 00:35:11 (15709 turns).

Kniotic the Black Belt (Demonspawn Gladiator)      Turns: 15709, Time: 00:35:12

Health: -3/103     AC: 15    Str: 15    XL:     13   Next: 6%
Magic:  12/13      EV: 13    Int: 11    God:    Okawaru [*****.]
Gold:   932        SH:  0    Dex: 18    Spells: 12/12 levels left

rFire   + + +      SeeInvis .     - Unarmed
rCold   . . .      Faith    .   (no shield)
rNeg    . . .      Spirit   .   y - +0 fire dragon scales
rPois   +          Reflect  .   h - +2 helmet
rElec   .          Harm     .   o - scarf {rC+ rF+}
rCorr   .          Rampage  .   (gloves unavailable)
Will    .....                   I - +0 pair of boots
Stlth   ..........              C - amulet of regeneration
HPRegen 1.07/turn               s - ring of poison resistance
MPRegen 0.13/turn               q - ring of protection from fire

@: about to teleport, slowed, very slow
A: claws 3, sharp scales 3
a: Renounce Religion, Heroism, Finesse, Duel


You were on level 3 of the Lair of Beasts.
You worshipped Okawaru.
Okawaru was extremely pleased with you.
You visited 2 branches of the dungeon, and saw 15 of its levels.
You also visited: Ossuary.

You collected 932 gold pieces.

Inventory:

Missiles
 c - 2 throwing nets (quivered)
 j - 20 poisoned darts
 r - 6 atropa-tipped darts
 z - 3 silver javelins
Armour
 h - a +2 helmet (worn)
 o - a scarf of resistance (worn)
 y - +0 fire dragon scales (worn)
 A - an orb of energy
 I - a +0 pair of boots (worn)
 K - the +3 scale mail "Reofoi" {rPois Str-5 Int+3 Dex+4}
   (Okawaru gifted it to you on level 11 of the Dungeon)

   Str:       It affects your strength (-5).
   Int:       It affects your intelligence (+3).
   Dex:       It affects your dexterity (+4).
   rPois:     It protects you from poison.
Jewellery
 e - a ring of see invisible
 q - a ring of protection from fire (right claw)
 s - a ring of poison resistance (left claw)
 C - an amulet of regeneration (around neck)
 D - a ring of positive energy
 F - an amulet of reflection
 G - a ring of fire
 H - a +6 ring of intelligence
 J - a ring of willpower
 P - a ring of resist corrosion
Wands
 p - a wand of iceblast (15)
 t - a wand of flame (29)
 N - a wand of mindburst (7)
Scrolls
 a - 2 scrolls of magic mapping
 b - a scroll of fear
 d - 3 scrolls of teleportation
 f - a scroll of brand weapon
 i - 5 scrolls of amnesia
 k - 2 scrolls of fog
 l - 5 scrolls of enchant armour
 m - a scroll of silence {unknown}
 L - a scroll of torment {unknown}
 M - a scroll of blinking {unknown}
Potions
 g - 3 potions of attraction
 n - 2 potions of flight
 u - 4 potions of heal wounds
 v - 2 potions of ambrosia
 x - a potion of haste
 B - 4 potions of brilliance
 E - 2 potions of berserk rage
 O - a potion of lignification {unknown}
Miscellaneous
 w - a condenser vane


   Skills:
 - Level 10.0 Fighting
 - Level 1.7 Throwing
 + Level 10.0 Dodging
 - Level 16.0 Unarmed Combat
 + Level 0.9 Invocations


You had 12 spell levels left.
You didn't know any spells.
Your spell library contained the following spells:

 Spells                   Type           Power      Damage    Failure   Level
 Apportation              Tloc           0%         N/A       89%         1
 Dazzling Flash           Conj/Hex       0%         N/A       99%         3
 Ozocubu's Armour         Ice            0%         N/A       99%         3
 Iskenderun's Mystic Bla  Conj/Tloc      0%         2d3       100%        4
 Agony                    Necr           0%         N/A       100%        5
 Alistair's Intoxication  Tmut/Pois      0%         N/A       100%        5
 Silence                  Hex/Air        0%         N/A       100%        5
 Dispersal                Tloc           0%         N/A       100%        6
 Starburst                Conj/Fire      0%         6d3       100%        6
 Ozocubu's Refrigeration  Ice            0%         4d5       100%        7
 Disjunction              Tloc           0%         N/A       100%        8


Dungeon Overview and Level Annotations

Branches:
Dungeon (12/15)            Temple (0/1) D:7            Lair (3/6) D:11
Ossuary (visited)
  Swamp: Lair:2-4    Shoals: Lair:2-4     Snake: Lair:2-4    Spider: Lair:2-4
    Orc: D:9-12

Altars:
Cheibriados
Dithmenos
Nemelex Xobeh
Okawaru
Ru
Sif Muna
Trog
Uskayaw
Xom
Yredelemnul
Zin
The Shining One

Annotations:
D:11 3 runed translucent doors, 101zpm's ghost, journeyman DjFE


Innate Abilities, Weirdness & Mutations

You have claws for hands.
You are completely covered in razor-sharp scales. (AC +3, Slay +3)


Message History

You feel yourself speed up.
Being near the torpor snail leaves you feeling lethargic.
You feel yourself speed up.
Being near the torpor snail leaves you feeling lethargic.
You gain the combat prowess of a mighty hero.
The death yak barely misses you.
You completely miss the death yak. The death yak gores you!
The death yak gores you but does no damage.
You scratch the death yak but do no damage.
The death yak gores you but does no damage. x2
You mangle the death yak!!
The death yak is moderately wounded.
The death yak gores you! The death yak closely misses you.
You scratch the death yak but do no damage.
The death yak is moderately wounded.
The death yak gores you! The death yak barely misses you.
You barely miss the death yak.
The death yak is moderately wounded.
The death yak gores you!
You claw the death yak! x2
The death yak is heavily wounded.
The death yak closely misses you. The death yak gores you!
As you read the scroll of fear, it crumbles to dust.
You assume a fearsome visage.
The torpor snail looks frightened!
The death yak resists with almost no effort.
The death yak looks frightened!
The death yak closely misses you. The death yak gores you!
The death yak gores you!
* * * LOW HITPOINT WARNING * * *
Okay, then.
You feel much better.
You feel like a meek peon again.
The torpor snail seems to regain its courage.
The death yak gores you!
* * * LOW HITPOINT WARNING * * *
As you read the scroll of teleportation, it crumbles to dust.
You feel strangely unstable. The death yak gores you!!
* * * LOW HITPOINT WARNING * * *
The death yak gores you!
You die...

#....# #....###...##
..# #...##
##...###....# ..##
#....#
#.....#.w..##....#
#...##
##...##.....#...#
#...#
#...##.........#
.....
##...###....#...#
P...## #....#
#...##...#
#....###Y..#....#
##....##@........#
#...#.#.........#
#...............#
.................##
.................>#
........#..........#
........##.........#
........##P........#
...... ##........


You could see a death yak and a torpor snail.

Vanquished Creatures
  5 hydras
  2 two-headed ogres
  Pikel (D:4)
  A slime creature (D:11)
  3 black mambas
  5 elephants (Lair:2)
  A gargoyle (D:11)
  5 cane toads
  2 rime drakes (Lair:3)
  2 komodo dragons
  A kobold demonologist (D:10)
  A troll (D:10)
  A polar bear (Lair:1)
  A hornet (D:10)
  17 blink frogs
  A vampire (D:8)
  2 shadows (D:10)
  5 wyverns
  30 yaks
  A wraith (Ossuary)
  A basilisk (Lair:3)
  3 vampire mosquitoes (D:11)
  Menkaure (D:4)
  An acid dragon (D:9)
  9 water moccasins
  7 orc warriors
  2 sky beasts
  4 black bears
  A necrophage (D:5)
  An ogre (D:6)
  5 centaurs
  2 lemures (D:4)
  A kobold brigand (D:8)
  A phantom (D:6)
  A wyvern zombie (D:7)
  13 bullfrogs
  A gnoll sergeant (D:7)
  4 scorpions
  A water moccasin zombie (D:5)
  A wyvern skeleton (D:7)
  7 killer bees
  6 howler monkeys
  10 wights
  A bullfrog zombie (D:7)
  3 centaur zombies
  A jelly (D:7)
  2 bullfrog skeletons
  2 gnoll shamans
  4 orc priests
  2 hounds (D:6)
  2 iguanas
  Ijyb (D:4)
  11 orc wizards
  A killer bee zombie (D:8)
  2 mummies
  22 gnolls
  14 adders
  A shadow imp (D:6)
  An adder skeleton (D:4)
  4 worms
  40 orcs
  8 ball pythons
  5 bats
  4 endoplasms
  3 giant cockroaches
  4 goblins
  9 hobgoblins
  4 quokkas
  A frilled lizard (D:3)
  8 gnoll skeletons (Ossuary)
  4 kobolds
  4 kobold skeletons (Ossuary)
  13 orc skeletons (Ossuary)
  8 rats
359 creatures vanquished.

Vanquished Creatures (others)
  A centaur skeleton (D:7)
  An orc wizard (D:8)
  55 fungi
  37 plants
94 creatures vanquished.

Grand Total: 453 creatures vanquished

Notes
Turn   | Place    | Note
-------+----------+-------------------------------------------
     0 | D:1      | Kniotic the Demonspawn Gladiator began the quest for the
                  | Orb.
     0 | D:1      | Reached XP level 1. HP: 16/16 MP: 1/1
   211 | D:1      | Reached skill level 3 in Unarmed Combat
   322 | D:1      | Gained mutation: You are partially covered in razor-sharp
                  | scales. (AC +1, Slay +1) [demonic ancestry]
   322 | D:1      | Reached XP level 2. HP: 12/22 MP: 2/2
  1086 | D:2      | Reached XP level 3. HP: 27/27 MP: 3/3
  1281 | D:2      | Reached skill level 4 in Unarmed Combat
  1400 | D:2      | Found a faded altar of an unknown god.
  1882 | D:3      | Gained mutation: You are mostly covered in razor-sharp
                  | scales. (AC +2, Slay +2) [demonic ancestry]
  1882 | D:3      | Reached XP level 4. HP: 22/33 MP: 4/4
  2565 | D:3      | Reached skill level 5 in Unarmed Combat
  2861 | D:3      | Reached XP level 5. HP: 38/38 MP: 5/5
  3142 | D:3      | Noticed an angel
  3207 | D:3      | Found a shimmering altar of Xom.
  3514 | D:4      | Noticed an orc warrior
  3661 | D:4      | Noticed Ijyb
  3677 | D:4      | Killed Ijyb
  3720 | D:3      | Reached skill level 6 in Unarmed Combat
  3720 | D:3      | Gained mutation: You have sharp fingernails. [demonic
                  | ancestry]
  3720 | D:3      | Reached XP level 6. HP: 15/44 MP: 6/6
  4108 | D:4      | Noticed Pikel
  4175 | D:4      | Killed Pikel
  4176 | D:4      | Reached XP level 7. HP: 16/50 MP: 7/7
  4857 | D:4      | Noticed Menkaure
  4866 | D:4      | Killed Menkaure
  4867 | D:4      | Reached XP level 8. HP: 52/56 MP: 8/8
  5213 | D:5      | Entered Level 5 of the Dungeon
  5349 | D:5      | Found a sand-covered staircase.
  5354 | Ossuary  | Entered an ossuary
  6086 | D:5      | Found an iron altar of Okawaru.
  6604 | D:5      | Became a worshipper of Warmaster Okawaru
  6841 | D:6      | Found a snail-covered altar of Cheibriados.
  6852 | D:6      | Gained mutation: You have very sharp fingernails. [demonic
                  | ancestry]
  6852 | D:6      | Reached XP level 9. HP: 59/65 MP: 9/9
  7114 | D:6      | Found a shimmering blue altar of Sif Muna.
  7114 | D:6      | Found a hide-covered altar of Uskayaw.
  7693 | D:7      | Reached skill level 5 in Fighting
  7698 | D:7      | Reached * piety under Okawaru
  8092 | D:7      | Reached skill level 10 in Dodging
  8140 | D:7      | Found a basalt altar of Yredelemnul.
  8142 | D:7      | Noticed a profane servitor
  8192 | D:7      | Reached ** piety under Okawaru
  8273 | D:7      | Found a staircase to the Ecumenical Temple.
  8828 | D:8      | Reached XP level 10. HP: 75/82 MP: 10/10
  8995 | D:8      | Found a sparkling altar of Nemelex Xobeh.
  9382 | D:8      | Reached *** piety under Okawaru
  9416 | D:8      | Found a sacrificial altar of Ru.
  9602 | D:8      | Found a bloodstained altar of Trog.
  9655 | D:8      | Reached skill level 10 in Fighting
  9760 | D:9      | Noticed a two-headed ogre
 10103 | D:9      | Killed a two-headed ogre
 10104 | D:9      | Reached skill level 7 in Unarmed Combat
 10368 | D:9      | Reached skill level 8 in Unarmed Combat
 10418 | D:9      | Reached **** piety under Okawaru
 10551 | D:8      | Reached skill level 9 in Unarmed Combat
 10620 | D:8      | Reached XP level 11. HP: 90/90 MP: 11/11
 10704 | D:10     | Entered Level 10 of the Dungeon
 10747 | D:10     | Found a shadowy altar of Dithmenos.
 11092 | D:10     | Paralysed by a hornet for 2 turns
 11588 | D:11     | Noticed a purple ugly thing
 11588 | D:11     | Found a staircase to the Lair.
 11670 | D:11     | Reached skill level 10 in Unarmed Combat
 11690 | D:11     | Noticed a five-headed hydra
 11788 | D:11     | Killed a five-headed hydra
 11835 | D:11     | Reached ***** piety under Okawaru
 11876 | D:11     | Identified the +3 scale mail "Reofoi" {rPois Str-5 Int+3
                  | Dex+4} (Okawaru gifted it to you on level 11 of the
                  | Dungeon)
 11876 | D:11     | Received a gift from Okawaru
 12073 | D:11     | Reached skill level 11 in Unarmed Combat
 12364 | D:11     | Noticed a minotaur
 12369 | D:11     | Noticed 101zpm's ghost (journeyman DjFE)
 12404 | D:11     | Noticed a two-headed ogre
 12420 | D:11     | Killed a two-headed ogre
 12499 | D:11     | Noticed a four-headed hydra
 12508 | D:11     | Killed a four-headed hydra
 12509 | D:11     | Reached skill level 12 in Unarmed Combat
 12609 | D:11     | Found a runed translucent gate.
 12610 | D:11     | Found a runed translucent gate.
 12611 | D:11     | Found a runed translucent gate.
 12878 | Lair:1   | Entered Level 1 of the Lair of Beasts
 13133 | Lair:1   | Gained mutation: You have claws for hands. [demonic
                  | ancestry]
 13133 | Lair:1   | Reached XP level 12. HP: 95/97 MP: 12/12
 13141 | Lair:1   | Reached skill level 13 in Unarmed Combat
 13634 | Lair:2   | Noticed a seven-headed hydra
 13656 | Lair:1   | Received a gift from Okawaru
 13820 | Lair:2   | Reached skill level 14 in Unarmed Combat
 13843 | Lair:2   | Noticed a four-headed hydra
 13956 | Lair:2   | Noticed a six-headed hydra
 14527 | Lair:3   | Noticed a death yak
 14528 | Lair:3   | Noticed a death yak
 14528 | Lair:3   | Noticed a death yak
 14529 | Lair:3   | Noticed a death yak
 14623 | Lair:3   | Noticed a six-headed hydra
 14714 | Lair:2   | Killed an eight-headed hydra
 14842 | Lair:2   | Killed a nine-headed hydra
 14843 | Lair:2   | Reached skill level 15 in Unarmed Combat
 14914 | Lair:2   | Received a gift from Okawaru
 15314 | Lair:2   | Killed an 11-headed hydra
 15314 | Lair:2   | Received a gift from Okawaru
 15315 | Lair:2   | Gained mutation: You are completely covered in razor-sharp
                  | scales. (AC +3, Slay +3) [demonic ancestry]
 15315 | Lair:2   | Reached XP level 13. HP: 62/103 MP: 10/13
 15569 | Lair:3   | Reached skill level 16 in Unarmed Combat
 15709 | Lair:3   | Slain by a death yak

Illustrated notes

Levels and vault maps discovered:
D:1:      eino_arrival_water_cross, layout_loops_ring
D:2:      layout_basic, shapermc_ecumenical_altar_mp_ritualfount
D:3:      layout_basic, grunt_temple_overflow_order_and_chaos_1
D:4:      layout_basic, portal_sewer_entry_e, uniq_menkaure, uniq_pikel,
          uniq_ijyb
D:5:      layout_cave_pools, lemuel_crystal_altar, enter_ossuary_2,
          palyth_stone_intersect, nicolae_concentric_dashed_squares_mild
D:6:      layout_rooms, slow_altar_1, chequers_temple_overflow_statue_of_worship
D:7:      layout_loops_corners, grunt_temple_overflow_holy_war,
          temple_fountains, nrook_campfire
D:8:      minmay_s_stair_smasher, layout_loops_cross,
          nicolae_ru_great_annihilating_truth, mainiacjoe_overflow_swirl
D:9:      layout_long_grid
D:10:     layout_stronghold, grunt_dithmenos_shadows, hangedman_decor_riveting
D:11:     layout_stronghold, due_lair_maze_entry_diamond,
          maelrawn_ghost_gauntlet_escape
D:12:     layout_rooms, hiddenorc1_lemuel, serial_shops,
          nicolae_take_the_stairs, amcnicky_mini_rare_corridor_liquid,
          hex_large, nicolae_transmutations_shop
Lair:1:   layout_hall_layers, lemuel_fruit_tree, lemuel_fruit_fields,
          grunt_megastairs_2, lemuel_fruit_fields
Lair:2:   layout_small_grid
Lair:3:   layout_long_grid, lemuel_fruit_fields

Skill      XL: |  1  2  3  4  5  6  7  8  9 10 11 12 13 |
---------------+----------------------------------------+-----
Unarmed Combat | 3 4 5 6 9 12 15 16 | 16.0
Dodging        | 3 6 7 9 10 | 10.0
Fighting       | 4 8 10 | 10.0
Throwing       | |  1.7
Invocations    | |  0.9

Action                   |  1- 3 |  4- 6 |  7- 9 | 10-12 | 13-15 || total
-------------------------+-------+-------+-------+-------+-------++-------
Melee: Unarmed           |   120 |   161 |   469 |   693 |    23 ||  1466
       Punch             |     2 |     7 |    20 |    68 |     4 ||   101
Throw: Throwing net      |       |       |       |     1 |       ||     1
Invok: Heroism           |       |       |       |    10 |     1 ||    11
Evoke: Wand              |       |       |     3 |     6 |       ||     9
  Use: Potion            |     1 |     4 |     1 |     4 |     1 ||    11
       Scroll            |       |     3 |       |    14 |     2 ||    19
 Stab: Sleeping          |       |     1 |     1 |       |       ||     2
       Paralysed         |       |       |       |     1 |       ||     1
       Held in net/web   |       |       |       |     1 |       ||     1
Armor: Leather armour    |    30 |    51 |    49 |       |       ||   130
       Fire dragon scale |       |       |    90 |   304 |     7 ||   401
Dodge: Dodged            |    79 |    69 |   275 |   544 |    17 ||   984
